[Event "Titled Tuesday Blitz April 05 Late 2022"]
[White "Mickiewicz, Piotr"]
[Black "Sydoryka, Vladyslav"]
[WhiteFideId "1114891"]
[BlackFideId "14145928"]
[WhiteElo "2479"]
[BlackElo "2610"]
[Result "1-0"]
[Round "05"]
[TimeControl "180+1"]
[Date "2022.04.06"]
[WhiteClock "0:00:07"]
[BlackClock "0:00:02"]

1. Nf3 d5 2. g3 Bg4 3. Bg2 Nd7 4. c4 c6 5. Qc2 Bxf3 6. Bxf3 Ne5 7. Bg2 Nxc4 8. O-O Nf6 9. b3 Nb6 10. Bb2 e6 11. d3 Be7 12. e4 O-O 13. e5 Nfd7 14. Nd2 c5 15. f4 Rb8 16. Kh1 f5 17. exf6 Bxf6 18. Rae1 Bxb2 19. Qxb2 Qf6 20. Qa3 a6 21. Nf3 Rbe8 22. Qa5 Nc8 23. Qc7 Re7 24. Qxb7 a5 25. Qc6 h6 26. Re3 Rfe8 27. Rfe1 g5 28. fxg5 hxg5 29. Ne5 Ncb6 30. Nxd7 Nxd7 31. Bxd5 Nf8 32. Qxc5 Kg7 33. Rf3 Qg6 34. Be4 Qh6 35. Qe5+ Kg8 36. Ref1 Nd7 37. Qd6 g4 38. Rf4 Qg5 39. Bc6 Rd8 40. Rxg4 Qxg4 41. Qxe7 1-0


[Site "https://www.chess.com"]

[Event "Titled Tuesday Blitz April 05 Late 2022"]
[White "Migot, Tangi"]
[Black "Hardaway, Brewington"]
[WhiteFideId "662445"]
[BlackFideId "30941849"]
[WhiteElo "2522"]
[BlackElo "2668"]
[Result "0-1"]
[Round "05"]
[TimeControl "180+1"]
[Date "2022.04.06"]
[WhiteClock "0:00:03"]
[BlackClock "0:00:26"]

1. e4 d6 2. d4 Nf6 3. Nc3 g6 4. Be3 Bg7 5. h3 Nbd7 6. Qd2 e5 7. d5 Nh5 8. Nge2 f5 9. exf5 gxf5 10. Bg5 Ndf6 11. O-O-O h6 12. Bh4 Qe7 13. f4 Ne4 14. Bxe7 Nxd2 15. Bh4 Nc4 16. fxe5 Bxe5 17. Bf2 Bd7 18. b3 Nb6 19. a4 Nc8 20. Nd4 Ng3 21. Bxg3 Bxg3 22. Bd3 Be5 23. Rhe1 Kd8 24. Nce2 Nb6 25. c4 f4 26. Nf3 Be8 27. Nxe5 dxe5 28. Nc3 Nd7 29. Bc2 Bh5 30. Rd2 Rg8 31. Bf5 Nc5 32. Kb2 Re8 33. b4 Nd7 34. c5 Nf6 35. Kb3 Ke7 36. d6+ cxd6 37. cxd6+ Kf7 38. d7 Red8 39. Rxe5 Kf8 40. Rc5 Bf7+ 41. Kb2 Ke7 42. Rc7 a5 43. bxa5 Rxa5 44. Be4 b5 0-1


[Site "https://www.chess.com"]

[Event "Titled Tuesday Blitz April 05 Late 2022"]
[White "Mikhailov, Viacheslav"]
[Black "Sjugirov, Sanan"]
[WhiteFideId "4187369"]
[BlackFideId "4189302"]
[WhiteElo "2381"]
[BlackElo "2602"]
[Result "1-0"]
[Round "05"]
[TimeControl "180+1"]
[Date "2022.04.05"]
[WhiteClock "0:00:05"]
[BlackClock "0:00:01"]

1. Nf3 d5 2. g3 Nd7 3. d4 Nb6 4. Bg2 Nf6 5. O-O Bf5 6. Ne5 e6 7. c4 c6 8. Nc3 Be7 9. Qb3 dxc4 10. Nxc4 Nxc4 11. Qxc4 O-O 12. Rd1 Bg6 13. a4 a5 14. Qb3 Nd5 15. Nxd5 cxd5 16. Qxb7 Rb8 17. Qa6 Ra8 18. Qb7 Rb8 19. Qa6 Bc2 20. Rf1 Bb4 21. Bf4 Ra8 22. Qb7 g5 23. Rfc1 Bb3 24. Be5 Bc4 25. Rxc4 dxc4 26. Qxa8 Qxa8 27. Bxa8 Rxa8 28. Rc1 Rc8 29. g4 Kf8 30. Bf6 h6 31. Kg2 Be7 32. Bxe7+ Kxe7 33. Kf3 f5 34. e4 fxe4+ 35. Kxe4 Kd6 36. f3 Rb8 37. Rxc4 Rxb2 38. Rc5 Re2+ 39. Kd3 Rxh2 40. Rxa5 Rh1 41. Ra8 Rd1+ 42. Ke3 Re1+ 43. Kd2 Ra1 44. a5 Kd5 45. a6 Kxd4 46. a7 Ra2+ 47. Kc1 Ke3 48. Kb1 Ra6 49. Kc2 e5 50. Kc3 Ra4 51. Kb3 Ra1 52. Kc4 Ra5 53. Kb4 Ra1 54. Kc5 Kxf3 55. Rf8+ Kxg4 56. a8=Q Rxa8 57. Rxa8 h5 58. Kd5 h4 59. Ke4 h3 60. Ra2 Kg3 61. Ra3+ Kg4 62. Ra2 Kg3 63. Ra3+ Kh4 64. Kf3 g4+ 65. Kf2 e4 66. Re3 Kg5 67. Kg3 1-0


[Site "https://www.chess.com"]

[Event "Titled Tuesday Blitz April 05 Late 2022"]
[White "Mikhalsky, Vladimir"]
[Black "Diaz Perez, Michel Alejandro"]
[WhiteFideId "14144352"]
[BlackFideId "3517179"]
[WhiteElo "2513"]
[BlackElo "2647"]
[Result "1-0"]
[Round "05"]
[TimeControl "180+1"]
[Date "2022.04.06"]
[WhiteClock "0:00:07"]
[BlackClock "0:00:10"]

1. e4 c5 2. Nf3 d6 3. Bb5+ Bd7 4. Bxd7+ Qxd7 5. c4 Nc6 6. d4 cxd4 7. Nxd4 g6 8. Nc3 Bg7 9. Be3 Rc8 10. O-O Nf6 11. f3 O-O 12. b3 a6 13. Rc1 Nxd4 14. Bxd4 b5 15. cxb5 axb5 16. Qd3 b4 17. Na4 Qb7 18. Kh1 Nd7 19. Bxg7 Kxg7 20. Qd4+ Kg8 21. h4 Qb5 22. Qe3 Kg7 23. Qg5 Qxg5 24. hxg5 f5 25. gxf6+ Kxf6 26. Kh2 Ke5 27. Nb2 Nc5 28. Rfd1 Ra8 29. Nc4+ Ke6 30. Rc2 Ra6 31. Ne3 Rfa8 32. Rdd2 R6a7 33. Nd5 Rb8 34. Rc4 Rab7 35. Rdd4 Ra8 36. Rxb4 Rxa2 37. Rxb7 Nxb7 38. Rb4 Nc5 39. Rb8 Rb2 40. b4 Kf7 41. Rh8 Nd3 42. Rxh7+ Kf8 43. Nxe7 Nf4 44. Kg3 g5 45. Kg4 Rxb4 46. g3 Ne6 47. Nd5 Ra4 48. Kf5 Nd4+ 49. Kg4 Ra3 50. f4 gxf4 51. gxf4 Ne2 52. f5 Rg3+ 53. Kh4 Rg1 54. Rd7 Ng3 55. Nf6 Nf1 56. Rxd6 Ne3 57. Re6 Kf7 58. Nd7 Ng2+ 59. Kg3 Ne3+ 60. Kf2 Rd1 61. Kxe3 Rxd7 62. Kf4 Rb7 63. Ra6 Rb4 64. Ke5 Rb5+ 65. Kf4 Rb1 66. e5 Rf1+ 67. Ke4 Re1+ 68. Kd5 Rd1+ 69. Kc6 Re1 70. Ra7+ Ke8 71. Kd6 Rf1 72. Ke6 Kd8 73. f6 Kc8 74. f7 Kb8 75. Rd7 Kc8 76. Ke7 Rxf7+ 77. Kxf7 Kxd7 78. e6+ Kd8 79. e7+ Kd7 80. e8=Q+ Kd6 81. Qe6+ Kc5 82. Kf6 Kb4 83. Qc6 Ka3 84. Qb7 Ka4 85. Ke5 Ka5 86. Kd5 Ka4 87. Kc4 Ka5 88. Qb5# 1-0


[Site "https://www.chess.com"]

[Event "Titled Tuesday Blitz April 05 Late 2022"]
[White "Mkrtchyan, Mariam"]
[Black "Bortnyk, Olexandr"]
[WhiteFideId "13310828"]
[BlackFideId "14120828"]
[WhiteElo "2535"]
[BlackElo "2931"]
[Result "1-0"]
[Round "05"]
[TimeControl "180+1"]
[Date "2022.04.06"]
[WhiteClock "0:00:08"]
[BlackClock "0:00:01"]

1. d4 d6 2. e4 Nf6 3. Nc3 Nbd7 4. f4 e5 5. Nf3 exd4 6. Qxd4 c6 7. Bd2 d5 8. exd5 Bc5 9. Qd3 O-O 10. O-O-O cxd5 11. Nxd5 Nxd5 12. Qxd5 Qb6 13. Qb3 Nf6 14. Bc4 Ne4 15. Be1 Bg4 16. Kb1 Qxb3 17. axb3 Rad8 18. Bh4 Rd6 19. Bd5 Bxf3 20. gxf3 Nf6 21. Bxb7 Rb6 22. Be4 a5 23. Rhe1 g6 24. Bd3 Nh5 25. f5 Nf4 26. Bf1 Ra8 27. Bg5 Nh5 28. Rd8+ Rxd8 29. Bxd8 Rd6 30. Bxa5 gxf5 31. Bd3 f4 32. b4 Be3 33. b5 Nf6 34. Bc7 Re6 35. b6 Rxb6 36. Bxb6 Bxb6 37. c4 Be3 38. Kc2 Nd7 39. b4 Ne5 40. Be2 Nc6 41. Rb1 Ne5 42. c5 Kf8 43. Kc3 Ke7 44. Bd1 Kd7 45. Ra1 Kc7 46. Ra7+ Kb8 47. Re7 Nc6 48. Rxf7 h5 49. b5 Ne5 50. Re7 Ng6 51. Rg7 Ne5 52. c6 h4 53. Kb4 Bd2+ 54. Kc5 Be3+ 55. Kd5 Nd3 56. Be2 Nb4+ 57. Kd6 Bd4 58. Rg8+ Ka7 59. c7 Nd5 60. c8=Q Nb6 61. Qc7# 1-0


[Site "https://www.chess.com"]

[Event "Titled Tuesday Blitz April 05 Late 2022"]
[White "Mohammadian, Mohammad"]
[Black "Bowden, Karl"]
[WhiteFideId "12566055"]
[BlackFideId "400548"]
[WhiteElo "1544"]
[BlackElo "2348"]
[Result "0-1"]
[Round "05"]
[TimeControl "180+1"]
[Date "2022.04.06"]
[WhiteClock "0:00:12"]
[BlackClock "0:00:32"]

1. e4 e5 2. Nf3 d5 3. Nxe5 Bd6 4. d4 dxe4 5. Qh5 g6 6. Qd1 Bxe5 7. dxe5 Qxd1+ 8. Kxd1 Nc6 9. Bf4 Bg4+ 10. Be2 O-O-O+ 11. Ke1 Bxe2 12. Kxe2 Nd4+ 13. Kd2 Nb3+ 14. Kc3 Nxa1 15. Na3 Nxc2 16. Nxc2 Ne7 17. Ne3 Rd3+ 18. Kc2 Nc6 19. Rc1 Nd4+ 20. Kb1 Ne2 21. Bg3 Nxc1 22. Kxc1 Kd7 23. Ng4 Ke6 24. Kc2 Rhd8 25. Bf4 Kf5 0-1


[Site "https://www.chess.com"]

[Event "Titled Tuesday Blitz April 05 Late 2022"]
[White "Moral Garcia, Serafin"]
[Black "Khanin, Semen"]
[WhiteFideId "2201925"]
[BlackFideId "4111990"]
[WhiteElo "2523"]
[BlackElo "2756"]
[Result "0-1"]
[Round "05"]
[TimeControl "180+1"]
[Date "2022.04.06"]
[WhiteClock "0:00:04"]
[BlackClock "0:00:02"]

1. e4 c5 2. Nf3 d6 3. d4 cxd4 4. Nxd4 Nf6 5. Nc3 a6 6. Be3 e5 7. Nf3 Be7 8. Bc4 O-O 9. O-O Nc6 10. Bg5 Be6 11. Bb3 Na5 12. Bxf6 Bxf6 13. Nd5 Nxb3 14. axb3 g6 15. Qd3 Bg7 16. Nd2 f5 17. Nc4 b5 18. Ncb6 Ra7 19. c4 bxc4 20. bxc4 Qh4 21. f3 Raf7 22. Ne3 Bh6 23. g3 Qh3 24. Ng2 f4 25. gxf4 Bxf4 26. Nxf4 Rxf4 27. Qxd6 Rxf3 28. Rxf3 Rxf3 29. Nd5 Qg4+ 30. Kh1 Rf2 31. Qb8+ Kg7 32. Qxe5+ Kh6 33. Qg3 Qxe4+ 34. Kg1 Rxb2 35. Qe3+ Qxe3+ 36. Nxe3 Re2 37. Nd5 Bh3 38. Rxa6 Rg2+ 39. Kh1 Rc2 40. Kg1 Rxc4 41. Ra3 Be6 42. Ne3 Rc1+ 43. Kf2 Kg5 44. Ra4 Kh5 45. Kg3 g5 46. Ra5 Rc3 47. Re5 Bc8 48. h4 h6 49. hxg5 hxg5 50. Re7 Kg6 51. Re8 Bd7 52. Re7 Rd3 53. Kf3 Kf6 54. Rh7 Bc6+ 55. Kf2 Rd2+ 56. Kg3 Be4 57. Rh6+ Bg6 58. Ng4+ Kg7 59. Rh2 Rd3+ 60. Kf2 Bf5 61. Ne3 Be4 62. Rh3 Kg6 63. Rh8 Rd2+ 64. Kg3 Re2 65. Ng4 Ra2 66. Rg8+ Kf5 67. Rf8+ Ke6 68. Rf6+ Kd5 69. Rf8 Ra3+ 70. Kf2 Kd4 71. Rd8+ Kc5 72. Rc8+ Kd6 73. Rg8 Ra5 74. Nf6 Bc6 75. Nh7 Ke6 76. Rxg5 Ra2+ 77. Kg3 Ra3+ 78. Kf4 Ra4+ 79. Kg3 Be4 80. Nf8+ Kf6 81. Rc5 Bf5 82. Rc7 Ra8 83. Nd7+ Kg5 84. Ne5 Ra3+ 85. Kf2 Kf4 86. Rc5 Ra2+ 87. Ke1 Ke3 88. Nc4+ Kd4 89. Rc7 Bd3 90. Nd6 Ke3 91. Re7+ Kd4 92. Kd1 Kc3 93. Rc7+ Kd4 94. Re7 Rh2 95. Ne8 Kc3 96. Rc7+ Bc4 97. Ke1 Re2+ 98. Kd1 Rxe8 99. Rc6 Rh8 100. Ke1 Rf8 101. Rxc4+ Kxc4 0-1


[Site "https://www.chess.com"]

[Event "Titled Tuesday Blitz April 05 Late 2022"]
[White "Morris-Suzuki, Sophie"]
[Black "Goryachkina, Aleksandra"]
[WhiteFideId "30922615"]
[BlackFideId "4147103"]
[WhiteElo "2513"]
[BlackElo "2647"]
[Result "1/2-1/2"]
[Round "05"]
[TimeControl "180+1"]
[Date "2022.04.06"]
[WhiteClock "0:00:38"]
[BlackClock "0:00:11"]

1. d4 Nf6 2. c4 e6 3. Nc3 d5 4. cxd5 exd5 5. Bg5 c6 6. Qc2 h6 7. Bxf6 Qxf6 8. Nxd5 Qxd4 9. Rd1 Bb4+ 10. Nc3 Bxc3+ 11. bxc3 Qc5 12. e3 O-O 13. Bd3 Be6 14. Ne2 Nd7 15. Nd4 Ne5 16. Nxe6 fxe6 17. O-O Rf6 18. Qb3 b6 19. Be4 a5 20. Rd4 Raf8 21. h3 b5 22. Bb1 Nc4 23. Qc2 Qf5 24. Qe2 Qe5 25. Qd3 Qf5 26. Qe2 Qe5 27. Qd3 Qf5 28. Qe2 1/2-1/2


[Site "https://www.chess.com"]

[Event "Titled Tuesday Blitz April 05 Late 2022"]
[White "Murzin, Volodar"]
[Black "Piesik, Piotr"]
[WhiteFideId "44155573"]
[BlackFideId "1136194"]
[WhiteElo "2585"]
[BlackElo "2190"]
[Result "1-0"]
[Round "05"]
[TimeControl "180+1"]
[Date "2022.04.05"]
[WhiteClock "0:00:48"]
[BlackClock "0:00:35"]

1. e4 g6 2. d4 Bg7 3. Nf3 c6 4. Bd3 d5 5. O-O dxe4 6. Bxe4 Nf6 7. Bd3 Bg4 8. Nbd2 O-O 9. h3 Bxf3 10. Nxf3 Nbd7 11. c3 c5 12. Re1 cxd4 13. Nxd4 Nc5 14. Bc2 e6 15. Qf3 Qb6 16. a4 a5 17. Nb5 Rac8 18. Bg5 Nd5 19. Rad1 Rc6 20. Bh4 Nc7 21. Bd8 N5a6 22. Be4 Rc4 23. Bxb7 Nc5 24. Bxc7 Qxb7 25. Qxb7 Nxb7 26. b3 Rc6 27. c4 Ra8 28. Re3 Nc5 29. Rd6 Rxd6 30. Bxd6 Nb7 31. Bc7 Bf8 32. Kf1 Bc5 33. Rd3 Bb4 34. Bb6 Bc5 35. Rd7 Bxb6 36. Rxb7 Bc5 37. Rd7 Re8 38. Ke2 f5 39. Nc7 Rb8 40. Na6 1-0


[Site "https://www.chess.com"]

[Event "Titled Tuesday Blitz April 05 Late 2022"]
[White "Najer, Evgeniy"]
[Black "Kamsky, Gata"]
[WhiteFideId "4118987"]
[BlackFideId "2000024"]
[WhiteElo "2562"]
[BlackElo "2645"]
[Result "0-1"]
[Round "05"]
[TimeControl "180+1"]
[Date "2022.04.05"]
[WhiteClock "0:00:01"]
[BlackClock "0:00:19"]

1. e4 e5 2. Nf3 Nc6 3. Bb5 Nf6 4. d3 d6 5. O-O Bd7 6. Re1 g6 7. d4 Bg7 8. d5 Nb8 9. Bxd7+ Nbxd7 10. c4 O-O 11. Nc3 a5 12. Rb1 Kh8 13. a3 Ng8 14. b4 axb4 15. axb4 b6 16. Be3 Bh6 17. Bxh6 Nxh6 18. Ra1 Qe7 19. Ra4 f5 20. Qa1 Rxa4 21. Qxa4 Nf6 22. Qc6 Nxe4 23. Nxe4 fxe4 24. Rxe4 Ng8 25. Re1 Nf6 26. h3 Nh5 27. Re3 Nf4 28. c5 bxc5 29. bxc5 e4 30. cxd6 cxd6 31. Nd2 Qg5 32. Qc3+ Kg8 33. g4 Qxd5 34. Nxe4 Qd1+ 35. Kh2 Qf1 36. Rg3 Ne2 37. Qc4+ Kg7 38. Rg2 Qd1 39. Ng5 Nf4 40. Ne6+ Nxe6 0-1


[Site "https://www.chess.com"]

[Event "Titled Tuesday Blitz April 05 Late 2022"]
[White "Nepomniachtchi, Ian"]
[Black "Li, Ben"]
[WhiteFideId "4168119"]
[BlackFideId "2089980"]
[WhiteElo "2740"]
[BlackElo "2267"]
[Result "1-0"]
[Round "05"]
[TimeControl "180+1"]
[Date "2022.04.05"]
[WhiteClock "0:01:17"]
[BlackClock "0:00:07"]

1. e4 e5 2. f4 d5 3. exd5 exf4 4. Nf3 Nf6 5. Bb5+ c6 6. dxc6 Nxc6 7. Nc3 Bd6 8. Qe2+ Be7 9. b3 O-O 10. Bb2 Bg4 11. Bxc6 bxc6 12. O-O-O a5 13. h3 Bh5 14. Qc4 Qc7 15. Rde1 Rfe8 16. Nd4 c5 17. Nf5 Bf8 18. Nd5 Nxd5 19. Qxd5 Bg6 20. Nh4 a4 21. Nxg6 hxg6 22. Rxe8 Rxe8 23. h4 axb3 24. axb3 Rd8 25. Qe4 Qd6 26. Bc3 c4 27. Qxc4 Qa3+ 28. Bb2 Qa5 29. Qxf4 Bb4 30. c3 Ba3 31. Kc2 Bxb2 32. Kxb2 Qd5 33. Rc1 Qxg2 34. Rc2 Re8 35. c4 Re1 36. c5 Qc6 37. Qd6 Qh1 38. c6 Rb1+ 39. Kc3 Qf3+ 40. d3 Qd1 41. c7 Qe1+ 42. Kc4 Qxh4+ 43. d4 Qh3 44. Qd8+ Kh7 45. Rc3 Qe6+ 46. Kc5 Qf5+ 47. Kb6 Qe6+ 48. Kb7 Qe4+ 49. Kb8 Qf4 50. Rh3+ 1-0


[Site "https://www.chess.com"]

[Event "Titled Tuesday Blitz April 05 Late 2022"]
[White "Ovetchkin, Roman"]
[Black "Matlakov, Maxim"]
[WhiteFideId "4119991"]
[BlackFideId "4168003"]
[WhiteElo "2409"]
[BlackElo "2669"]
[Result "0-1"]
[Round "05"]
[TimeControl "180+1"]
[Date "2022.04.05"]
[WhiteClock "0:00:05"]
[BlackClock "0:00:46"]

1. d4 Nf6 2. c4 e6 3. g3 d5 4. Bg2 Be7 5. Nf3 O-O 6. O-O c6 7. Qc2 b6 8. Nbd2 c5 9. cxd5 exd5 10. dxc5 bxc5 11. e4 Nc6 12. exd5 Nxd5 13. a3 Be6 14. Rd1 h6 15. Nc4 Qc7 16. b3 Rfd8 17. Bb2 Rab8 18. Re1 Bf6 19. Bxf6 Nxf6 20. Rad1 Nd4 21. Nxd4 cxd4 22. Bf1 Qc5 23. b4 Qc7 24. Qd3 Rbc8 25. Rc1 Nd5 26. Qxd4 Nb6 27. Nxb6 Rxd4 28. Nxc8 Qd7 29. Rc5 Rd2 0-1


[Site "https://www.chess.com"]

[Event "Titled Tuesday Blitz April 05 Late 2022"]
[White "Ozates, Tuna"]
[Black "Kujawski, Adam"]
[WhiteFideId "6354521"]
[BlackFideId "1100920"]
[WhiteElo "2560"]
[BlackElo "2342"]
[Result "1-0"]
[Round "05"]
[TimeControl "180+1"]
[Date "2022.04.06"]
[WhiteClock "0:01:40"]
[BlackClock "0:00:03"]

1. c4 e5 2. Nc3 Nc6 3. g3 h5 4. h4 g6 5. Bg2 Bg7 6. d3 Nge7 7. e4 d6 8. Nh3 Nd4 9. O-O O-O 10. Be3 Nec6 11. f4 Bg4 12. Qd2 Qd7 13. Ng5 Rae8 14. Nd5 f6 15. Nf3 f5 16. Ng5 Ne2+ 17. Kh2 Ncd4 18. Nc3 exf4 19. gxf4 fxe4 20. dxe4 Nxc3 21. Bxd4 Bxd4 22. Qxd4 Ne2 23. Qe3 c5 24. e5 dxe5 25. Bd5+ Kg7 26. fxe5 Rxf1 27. Rxf1 Nd4 28. Rf7+ Qxf7 29. Nxf7 Re7 30. Qh6+ Kg8 31. Qh8# 1-0


[Site "https://www.chess.com"]

[Event "Titled Tuesday Blitz April 05 Late 2022"]
[White "P., Komal Kishore"]
[Black "Pavlidou, Ekaterini"]
[WhiteFideId "5016703"]
[BlackFideId "4213262"]
[WhiteElo "2087"]
[BlackElo "2127"]
[Result "0-1"]
[Round "05"]
[TimeControl "180+1"]
[Date "2022.04.06"]
[WhiteClock "0:00:04"]
[BlackClock "0:00:51"]

1. e4 c5 2. Nf3 Nc6 3. Bb5 Qc7 4. O-O g6 5. c3 Bg7 6. d4 cxd4 7. cxd4 a6 8. Bd3 Nxd4 9. Nc3 Nxf3+ 10. Qxf3 e6 11. Bf4 d6 12. Rfe1 Ne7 13. Rad1 Bd7 14. Bb1 Nc8 15. Qg3 Be5 16. Bxe5 dxe5 17. Rc1 Qb8 18. Red1 O-O 19. Rxd7 Nb6 20. Rd3 Nc4 21. b3 Na5 22. Qh4 f6 23. Rh3 Rf7 24. Na4 b6 25. Bd3 Qd8 26. Bf1 Rc8 27. Rxc8 Qxc8 28. Rc3 Qd8 29. Qg4 b5 30. Nc5 b4 31. Rc1 f5 32. exf5 exf5 33. Qd1 Qe7 34. Bc4 Nxc4 35. Rxc4 Kg7 36. Qd5 Rf6 37. Nd7 Rd6 38. Qxe5+ Qxe5 39. Nxe5 Rd1# 0-1


[Site "https://www.chess.com"]

[Event "Titled Tuesday Blitz April 05 Late 2022"]
[White "Papasimakopoulos, Alexandros"]
[Black "Pinheiro, Iung Alicio de O."]
[WhiteFideId "4244125"]
[BlackFideId "2104350"]
[WhiteElo "2340"]
[BlackElo "2561"]
[Result "1-0"]
[Round "05"]
[TimeControl "180+1"]
[Date "2022.04.05"]
[WhiteClock "0:00:10"]
[BlackClock "0:00:10"]

1. d4 Nf6 2. c4 g6 3. Nc3 d5 4. Nf3 Bg7 5. Qb3 dxc4 6. Qxc4 O-O 7. e4 Nc6 8. Be2 Bg4 9. Be3 Bxf3 10. gxf3 e5 11. d5 Nd4 12. O-O-O Nh5 13. Kb1 c6 14. dxc6 bxc6 15. Rd2 Qc8 16. f4 Nxe2 17. Nxe2 Qg4 18. fxe5 Qf3 19. Rc1 Bxe5 20. Qxc6 Nf6 21. Ng3 Ng4 22. Bc5 Rfc8 23. Qd5 Rab8 24. Bd4 Rxc1+ 25. Kxc1 Bf4 26. Bc3 Nxf2 27. Kc2 Bxd2 28. Qxd2 Nxe4 29. Nxe4 Qxe4+ 30. Kc1 Re8 31. Qd6 Qe3+ 32. Kc2 Qe2+ 33. Kc1 Qf1+ 34. Kc2 Qf5+ 35. Kc1 Qg5+ 36. Kc2 Qg2+ 37. Kc1 Qf1+ 38. Kc2 Re2+ 39. Kb3 Re8 40. Qf6 Qb5+ 41. Kc2 Qe2+ 42. Kb3 Qb5+ 43. Ka3 Kf8 44. Bb4+ Kg8 45. Bc3 Qa5+ 46. Bxa5 Re3+ 47. Bc3 Kf8 48. Qh8+ Ke7 49. Qf6+ Ke8 50. Qd4 Re6 51. Qc5 a6 52. Kb4 Kd7 53. Ka5 f6 54. Bd4 Rc6 55. Qd5+ Rd6 56. Qc5 Ke6 57. b4 Rd5 58. Kxa6 Rxc5 59. Bxc5 Kd5 60. Bg1 f5 61. b5 f4 62. b6 g5 63. b7 g4 64. b8=Q Ke4 65. a4 Kf3 66. Qe5 h5 67. a5 h4 68. Kb5 g3 69. hxg3 fxg3 70. a6 h3 71. a7 h2 72. Bxh2 gxh2 73. Qxh2 1-0


[Site "https://www.chess.com"]

[Event "Titled Tuesday Blitz April 05 Late 2022"]
[White "Paravyan, David"]
[Black "Leiva, Gianmarco"]
[WhiteFideId "4194985"]
[BlackFideId "3804399"]
[WhiteElo "2569"]
[BlackElo "2323"]
[Result "1-0"]
[Round "05"]
[TimeControl "180+1"]
[Date "2022.04.05"]
[WhiteClock "0:00:29"]
[BlackClock "0:00:03"]

1. e4 c5 2. Nf3 d6 3. d4 cxd4 4. Nxd4 Nf6 5. Nc3 a6 6. Bg5 e6 7. f4 Be7 8. Qf3 Qc7 9. O-O-O Nbd7 10. g4 h6 11. Bxf6 Bxf6 12. h4 Nb6 13. Qf2 Qc5 14. e5 dxe5 15. Ne4 Qc7 16. Nxf6+ gxf6 17. fxe5 fxe5 18. Qf6 Rg8 19. Bb5+ axb5 20. Nxb5 Qe7 21. Nd6+ Kf8 22. Qxh6+ Rg7 23. Rhf1 Kg8 24. Nxf7 Rxf7 25. Rxf7 Kxf7 26. Qh7+ Ke8 27. Qg8+ Qf8 28. Rd8+ Kxd8 29. Qxf8+ Kc7 30. Qc5+ 1-0


[Site "https://www.chess.com"]

[Event "Titled Tuesday Blitz April 05 Late 2022"]
[White "Pesotskiy, Mikhail"]
[Black "Aldokhin, Ivan"]
[WhiteFideId "34164453"]
[BlackFideId "24115720"]
[WhiteElo "2454"]
[BlackElo "2605"]
[Result "1-0"]
[Round "05"]
[TimeControl "180+1"]
[Date "2022.04.06"]
[WhiteClock "0:00:10"]
[BlackClock "0:00:03"]

1. d4 Nf6 2. c4 g6 3. Nc3 Bg7 4. e4 d6 5. f3 O-O 6. Be3 c6 7. Qd2 d5 8. e5 Nfd7 9. cxd5 cxd5 10. Nxd5 Nc6 11. Bc4 e6 12. Nc3 Nb6 13. Bb5 Nb4 14. Nge2 N6d5 15. Nxd5 Nxd5 16. Bg5 Qb6 17. Bc4 Bd7 18. Bxd5 exd5 19. Nc3 Be6 20. Be3 Rfc8 21. O-O Bf8 22. Rac1 Rc4 23. b3 Rcc8 24. Na4 Qb5 25. Nc5 Bf5 26. a4 Qb6 27. Bg5 Rc6 28. b4 Rac8 29. g4 Be6 30. Bh6 Be7 31. Bg5 Bf8 32. Bf6 a5 33. b5 Rxc5 34. dxc5 Rxc5 35. Kg2 Rc4 36. Rxc4 dxc4 37. Rd1 Qc7 38. Qd8 Qc5 39. Qb8 c3 40. Rd8 c2 41. Bg5 c1=Q 42. Bxc1 Qxc1 43. Rxf8+ Kg7 44. Rg8+ Kh6 45. Qd8 Qb2+ 46. Kh3 Qxe5 47. Qh4+ Qh5 48. Qxh5+ gxh5 49. Rb8 hxg4+ 50. fxg4 Bd5 51. Kg3 Kg6 52. Kf4 Kf6 53. h4 Ke7 54. Rh8 Bb3 55. Rb8 Bd5 56. Ke5 Bf3 57. g5 Kd7 58. Rh8 Bd1 59. Rxh7 Ke7 60. g6 Bxa4 61. Rxf7+ Ke8 62. Rxb7 Bb3 63. Ra7 a4 64. h5 Bc4 65. Rxa4 Bxb5 66. Ra7 Bd7 67. h6 1-0


[Site "https://www.chess.com"]

[Event "Titled Tuesday Blitz April 05 Late 2022"]
[White "Petrova, Irina"]
[Black "Unver, Cumali"]
[WhiteFideId "14124122"]
[BlackFideId "6304940"]
[WhiteElo "1993"]
[BlackElo "2013"]
[Result "0-1"]
[Round "05"]
[TimeControl "180+1"]
[Date "2022.04.06"]
[WhiteClock "0:00:09"]
[BlackClock "0:00:17"]

1. e4 d6 2. d4 Nf6 3. Nc3 e5 4. dxe5 dxe5 5. Qxd8+ Kxd8 6. Bg5 c6 7. O-O-O+ Ke8 8. g3 Be7 9. f4 Ng4 10. Bxe7 Kxe7 11. Rd2 Rd8 12. h3 Rxd2 13. Kxd2 Nf6 14. Nf3 Nbd7 15. Ke3 b6 16. fxe5 Ne8 17. Bc4 h6 18. Rd1 Nc7 19. a4 Ba6 20. Bxf7 Rf8 21. Bb3 Nc5 22. Rd6 Bb7 23. Rg6 N7e6 24. Bxe6 Nxe6 25. Nh4 Kf7 26. Rg4 g5 27. Nf5 Kg6 28. Ne7+ Kf7 29. Nf5 Kg6 30. Ne7+ Kh7 31. h4 h5 32. Rxg5 Nxg5 33. hxg5 Re8 34. Nf5 Kg6 35. Ne2 Kxg5 36. Nf4 Bc8 37. e6 Bxe6 38. Nxe6+ Rxe6 39. Kf3 c5 40. c3 Re8 41. Ne3 Rd8 42. Nd5 Rf8+ 43. Ke3 Kg4 44. e5 Kxg3 45. e6 h4 46. e7 Rh8 47. Nf6 h3 48. Ne4+ Kg2 49. Ke2 h2 50. Nf2 Re8 51. Nh1 Rxe7+ 52. Kd2 Kxh1 0-1


[Site "https://www.chess.com"]

[Event "Titled Tuesday Blitz April 05 Late 2022"]
[White "Petrovic, Aleksa"]
[Black "Bernat, David"]
[WhiteFideId "967629"]
[BlackFideId "2099225"]
[WhiteElo "2198"]
[BlackElo "2300"]
[Result "0-1"]
[Round "05"]
[TimeControl "180+1"]
[Date "2022.04.06"]
[WhiteClock "0:00:01"]
[BlackClock "0:00:19"]

1. e4 c5 2. Nf3 g6 3. c3 Bg7 4. d4 cxd4 5. cxd4 d5 6. e5 a6 7. Nc3 Bg4 8. h3 Bxf3 9. Qxf3 Nc6 10. Be3 e6 11. Bd3 f6 12. exf6 Qxf6 13. Qxf6 Nxf6 14. O-O O-O 15. Rfe1 Rae8 16. Rad1 Nd7 17. Bc2 Nb6 18. b3 Rc8 19. Ne2 Nb4 20. Bb1 Nc2 21. Bxc2 Rxc2 22. Nf4 Kf7 23. Rc1 Rfc8 24. Nd3 Rxa2 25. Rxc8 Nxc8 26. Rc1 Nd6 27. Rc7+ Kg8 28. Nc5 e5 29. Ne6 Bf6 30. dxe5 Bxe5 31. Bf4 Bxf4 32. Nxf4 d4 33. Nd5 Ne4 34. Re7 Nxf2 35. Nf6+ Kf8 36. Rxb7 d3 37. Nxh7+ Ke8 38. Nf6+ Kd8 39. Rd7+ Kc8 40. Rd6 d2 41. Kxf2 d1=Q+ 0-1


[Site "https://www.chess.com"]

[Event "Titled Tuesday Blitz April 05 Late 2022"]
[White "Potapova, Margarita"]
[Black "Urbina Perez, Juan Antonio"]
[WhiteFideId "14126869"]
[BlackFideId "2217368"]
[WhiteElo "2607"]
[BlackElo "2464"]
[Result "0-1"]
[Round "05"]
[TimeControl "180+1"]
[Date "2022.04.06"]
[WhiteClock "0:00:04"]
[BlackClock "0:01:04"]

1. c4 c6 2. d4 d5 3. Nf3 Nf6 4. g3 Bf5 5. Nc3 e6 6. Nh4 Bg6 7. Nxg6 hxg6 8. Qd3 Nbd7 9. Bg2 Bd6 10. O-O O-O 11. Rd1 Qe7 12. e3 Rfd8 13. Qe2 dxc4 14. Qxc4 e5 15. dxe5 Nxe5 16. Qe2 Bb4 17. Bd2 Rd7 18. a3 Ba5 19. b4 Bb6 20. Na4 Rad8 21. Nxb6 axb6 22. Bc3 b5 23. Bd4 Nc4 24. Bh3 Rxd4 25. Re1 Rd2 26. Qf3 Ne4 27. Rf1 Ng5 28. Qg2 Nxh3+ 29. Qxh3 Ne5 30. Qg2 Qf6 31. Qe4 Nf3+ 32. Kg2 Ng5 33. Qg4 Qf5 34. Qf4 Qxf4 35. gxf4 Ne4 36. Kf3 f5 37. h4 Rc2 38. Kg2 Rdd2 39. Kg1 Nxf2 40. Rfb1 Nh3+ 41. Kh1 Rh2# 0-1


[Site "https://www.chess.com"]

[Event "Titled Tuesday Blitz April 05 Late 2022"]
[White "Przybylski, Wojciech"]
[Black "Ricaurte Lopez, Juan Carlos"]
[WhiteFideId "1117599"]
[BlackFideId "3600327"]
[WhiteElo "2133"]
[BlackElo "2209"]
[Result "1-0"]
[Round "05"]
[TimeControl "180+1"]
[Date "2022.04.06"]
[WhiteClock "0:00:09"]
[BlackClock "0:00:01"]

1. d4 Nf6 2. Nf3 e6 3. c4 b6 4. Nc3 Bb7 5. g3 Bb4 6. Bg2 O-O 7. O-O h6 8. Bd2 d5 9. cxd5 exd5 10. Ne5 a6 11. a3 Bd6 12. Qc2 c5 13. e3 Nbd7 14. f4 Rc8 15. Qd3 c4 16. Qc2 b5 17. Rae1 Qb6 18. Bh3 Rc7 19. g4 a5 20. Nxd7 Nxd7 21. Bg2 b4 22. axb4 axb4 23. Nxd5 Bxd5 24. Bxd5 c3 25. bxc3 bxc3 26. Bc1 Nf6 27. Bf3 Bb4 28. Kh1 Re7 29. h4 Rfe8 30. e4 Qxd4 31. Be3 Qc4 32. e5 Nd5 33. Be4 Nxe3 34. Bh7+ Kf8 35. Qf2 Nxf1 36. e6 1-0


[Site "https://www.chess.com"]